 Dungeon Crawl Stone Soup version 0.31-a0-121-g1e386dd289 (webtiles) character file.

Game seed: 10336614426396328619

5466 erloom the Transmogrifier (level 10, 0/115 HPs)
             Began as a Purple Draconian Transmuter on May 31, 2023.
             Was a Believer of Okawaru.
             Slain by Grum
             ... wielding a +0 spear
              (12 damage)
             ... on level 8 of the Dungeon.
             The game lasted 00:20:35 (7514 turns).

erloom the Transmogrifier (DrTm)                    Turns: 7514, Time: 00:20:37

Health: 0/115      AC: 25    Str: 12    XL:     10   Next: 41%
Magic:  18/20      EV:  2    Int: 17    God:    Okawaru [**....]
Gold:   223        SH:  5    Dex: 13    Spells: 13/23 levels left

rFire   . .          .
                       - Unarmed
rCold   . . .        (no shield)
rNeg    . . .        (body armour unavailable)
rPois   +            y - melded +2 hat
rElec   .            x - melded +2 cloak
rCorr   .            j - melded +1 pair of gloves
SInv    .            (boots currently unavailable)
Will    ++...        i - amulet of reflection
Stlth   +++          E - ring of willpower
HPRegen 0.39/turn    k - +4 ring of slaying
MPRegen 0.17/turn

%: reflection
@: tree-form, heroic, wereblooded
A: stationary, stasis, torment immunity, boosted hp, (breathe power), AC +7,
unfitting armour, (cold-blooded)
a: Renounce Religion, Heroism


You were on level 8 of the Dungeon.
You worshipped Okawaru.
Okawaru was pleased with you.
You were a tree.
You visited 2 branches of the dungeon, and saw 9 of its levels.
You also visited: Sewer.

You collected 459 gold pieces.
You spent 236 gold pieces at shops.

Inventory:

Missiles
 q - 5 silver boomerangs
Armour
 j - a +1 pair of gloves (melded)
 x - a +2 cloak (melded)
 y - a +2 hat (melded)
Jewellery
 c - a ring of protection from cold
 e - a ring of ice
 i - an amulet of reflection (around neck)
 k - a +4 ring of slaying (right branch)
 o - an amulet of magic regeneration
 w - an amulet of faith
 D - a ring of positive energy
 E - a ring of willpower (left branch)
 J - a ring of poison resistance
Wands
 B - a wand of digging (2)
 C - a wand of flame (14)
 G - a wand of roots (2)
 I - a wand of light (14)
Scrolls
 b - 2 scrolls of noise {unknown}
 d - 5 scrolls of identify {unknown}
 g - 4 scrolls of enchant armour {unknown}
 l - 3 scrolls of summoning {unknown}
 n - 4 scrolls of teleportation {unknown}
 p - 2 scrolls of enchant weapon {unknown}
 v - 3 scrolls of fog {unknown}
 z - 2 scrolls of amnesia {unknown}
 A - a scroll of poison {unknown}
 H - a scroll of immolation {unknown}
Potions
 a - a potion of lignification
 f - a potion of might
 h - 3 potions of curing {unknown}
 m - a potion of enlightenment {unknown}
 r - 2 potions of heal wounds {unknown}
 s - 2 potions of invisibility {unknown}
 t - 4 potions of magic {unknown}
 u - 3 potions of haste {unknown}
 F - a potion of brilliance {unknown}


   Skills:
 + Level 3.6(8.6) Fighting
 + Level 3.0(8.0) Dodging
 - Level 2.0(7.0) Stealth
 - Level 7.0(12.0) Unarmed Combat
 - Level 7.0 Spellcasting
 - Level 8.0 Transmutations
 - Level 6.0 Ice Magic
 - Level 4.0 Poison Magic
 - Level 4.0 Invocations
 - Level 4.0 Evocations


You had 13 spell levels left.
You knew the following spells:

 Your Spells              Type           Power      Damage    Failure   Level
a - Beastly Appendage     Tmut           66%        N/A       1%          1
b - Spider Form           Tmut/Pois      26%        N/A       3%          3
c - Wereblood             Tmut           33%        N/A       1%          2
d - Ice Form              Ice/Tmut       29%        N/A       6%          4

Your spell library contained the following spells:

 Spells                   Type           Power      Damage    Failure   Level
 Freeze                   Ice            100%       1d10      1%          1
 Frozen Ramparts          Ice            52%        1d8       3%          3
 Hailstorm                Conj/Ice       16%        3d6       10%         3
 Slow                     Hex            20%        N/A       12%         1
 Sublimation of Blood     Necr           5%         N/A       17%         2
 Olgreb's Toxic Radiance  Pois           19%        N/A       22%         4
 Petrify                  Tmut/Erth      19%        N/A       22%         4
 Confusing Touch          Hex            5%         N/A       34%         3
 Vampiric Draining        Necr           5%         2d6       34%         3
 Irradiate                Conj/Tmut      9%         3d14      52%         5
 Discord                  Hex            2%         N/A       100%        8
 Ignition                 Fire           2%         3d3       100%        8


Dungeon Overview and Level Annotations

Branches:
Dungeon (8/15)             Temple (1/1) D:6           Sewer (visited)
   Lair: D:8-11

Altars:
Ashenzari
Cheibriados
Dithmenos
Elyvilon
Fedhas
Gozag
Hepliaklqana
Kikubaaqudgha
Nemelex Xobeh
Okawaru
Qazlal
Ru
Sif Muna
Trog
Uskayaw
Vehumet
Wu Jian
Xom
Yredelemnul
Zin

Shops:
D:2 *   D:3 ([*=   D:4 :   D:5 :

Annotations:
D:6 3 runed translucent doors, exclusion: downstairs, makewrite's ghost, novice GrBe
D:7 2 transporters, exclusion: 2 downstairs
D:8 Grum


Innate Abilities, Weirdness & Mutations

You are a tree.
Your roots penetrate the ground, keeping you stationary.
You cannot be teleported.
You are immune to unholy pain and torment.
Your maximum health is greatly increased.
Your equipment is partially melded.
((You can breathe bolts of dispelling energy.))
((Your rich purple scales are hard. (AC +7)))
You cannot fit into any form of body armour.
((You are cold-blooded and may be slowed by cold attacks.))


Message History

Grum shouts, "Sparky!
Good boy!"
Grum completely misses you.
You hit Grum.
Grum is lightly wounded.
You block Grum's attack.
You hit Grum.
Grum is moderately wounded.
Grum barely misses you.
You hit Grum. You punch Grum.
Grum is heavily wounded.
Grum hits you with a +0 spear!
You hit Grum. You tail-slap Grum.
Grum is severely wounded.
You howl as the wereblood boils in your veins!
Grum closely misses you.
You hit Grum but do no damage.
Your tail-slap misses Grum.
Grum is severely wounded.
Grum hits you with a +0 spear.
You hit Grum.
Grum is severely wounded.
Grum hits you with a +0 spear!!
* * * LOW HITPOINT WARNING * * *
Okay, then.
Press: ? - help, v - describe, . - travel
Here: Grum, wielding a +0 spear and wearing a +0 animal skin (severely wounded, strong)
The floor, spattered with blood.
Okay, then.
Okay, then.
You gain the combat prowess of a mighty hero.
You howl as the wereblood boils in your veins!
Grum hits you but does no damage.
Unknown command.
Really quaff the potion of lignification?
You turn into a tree.
Your +2 cloak melds into your body.
Your +2 hat melds into your body.
Your +1 pair of gloves melds into your body.
Your roots penetrate the ground.
You creak as the wereblood boils in your veins!
Grum hits you with a +0 spear!
You die...

###############
##########......♣ghhh...
.........>.############.
.########### .........
.######## ## # # # #.


You could see Grum (strong) and 3 wolves.

Vanquished Creatures
  Pikel (D:7)
  Joseph (D:8)
  A steam dragon (D:7)
  6 yaks
  2 water moccasins
  3 ice beasts
  2 orc warriors
  An ogre (D:6)
  A wolf (D:8)
  2 centaurs
  A lemure (D:6)
  3 phantoms
  3 bullfrogs
  3 kobold brigands
  10 scorpions
  9 wights
  3 killer bees (D:7)
  A bullfrog zombie (D:6)
  A jelly (D:6)
  A centaur zombie (D:6)
  3 hounds (D:5)
  A gnoll bouda (D:5)
  An orc priest (D:5)
  3 iguanas
  6 orc wizards
  5 sleepcaps
  7 gnolls (D:5)
  9 adders
  5 river rats (Sewer)
  A white imp (D:6)
  2 adder zombies (D:3)
  2 adder skeletons (D:3)
  A worm (D:3)
  2 dart slugs
  19 orcs
  9 bats
  7 endoplasms
  5 giant cockroaches
  5 goblins
  3 hobgoblins
  3 jackals (D:2)
  6 quokkas
  14 ball pythons
  5 frilled lizards
  26 kobolds
  3 quokka zombies (D:3)
  26 rats
234 creatures vanquished.

Notes
Turn   | Place    | Note
-------+----------+-------------------------------------------
     0 | D:1      | erloom the Draconian Transmuter began the quest for the
                  | Orb.
     0 | D:1      | Reached XP level 1. HP: 16/16 MP: 3/3
   292 | D:1      | Reached XP level 2. HP: 23/23 MP: 5/5
   912 | D:2      | Found Xilevin's Assorted Antiques.
   920 | D:2      | Bought a bubbling sapphire potion for 22 gold pieces
   920 | D:2      | Bought a lumpy red potion for 22 gold pieces
  1056 | D:2      | Reached XP level 3. HP: 28/28 MP: 6/6
  1065 | D:2      | Learned a level 3 spell: Spider Form
  1502 | D:3      | Found Zuehedwo's Assorted Antiques.
  1553 | D:3      | Found Nicvumij's Armour Shoppe.
  1601 | D:3      | Reached skill level 1 in Poison Magic
  1601 | D:3      | Reached XP level 4. HP: 35/35 MP: 7/7
  1619 | D:3      | Found Tibb's Jewellery Shoppe.
  1701 | D:3      | Found a white marble altar of Elyvilon.
  1835 | D:3      | Found a snail-covered altar of Cheibriados.
  1940 | D:3      | Found a hide-covered altar of Uskayaw.
  1961 | D:3      | Found a radiant altar of Vehumet.
  1985 | D:3      | You fall into a shaft and drop 1 floor!
  1991 | D:4      | Found Duliher's Book Boutique.
  2029 | D:4      | Found a broken altar of Ashenzari.
  2044 | D:4      | Noticed a phantom
  2054 | D:4      | Killed a phantom
  2055 | D:4      | Reached skill level 3 in Transmutations
  2055 | D:4      | Reached XP level 5. HP: 34/40 MP: 6/9
  2067 | D:3      | Found a bloodstained altar of Trog.
  2304 | D:4      | Reached XP level 6. HP: 33/47 MP: 8/11
  2413 | D:4      | Noticed a water moccasin
  2656 | D:5      | Entered Level 5 of the Dungeon
  2660 | D:5      | Learned a level 2 spell: Wereblood
  2677 | D:5      | Noticed an ice beast
  2692 | D:4      | Killed a water moccasin
  2693 | D:4      | Reached skill level 4 in Transmutations
  2930 | D:5      | Noticed an ice beast
  3034 | D:5      | Killed an ice beast
  3035 | D:5      | Reached skill level 5 in Transmutations
  3035 | D:5      | Your scales start taking on a rich purple colour.
  3035 | D:5      | Reached XP level 7. HP: 43/52 MP: 10/14
  3045 | D:5      | Found a glowing drain.
  3065 | Sewer    | Entered a sewer
  3111 | Sewer    | Reached skill level 5 in Spellcasting
  3366 | Sewer    | Reached skill level 6 in Transmutations
  3807 | D:5      | Reached skill level 1 in Stealth
  4026 | D:5      | Reached XP level 8. HP: 54/61 MP: 11/15
  4164 | D:5      | Reached skill level 5 in Unarmed Combat
  4450 | D:5      | Found Kude's Vocational Training.
  4984 | D:3      | Bought a +2 hat for 192 gold pieces
  5038 | D:3      | Found Jaliuguz's Weapon Shop.
  5289 | D:6      | Learned a level 4 spell: Ice Form
  5317 | D:6      | Found a staircase to the Ecumenical Temple.
  5373 | D:6      | Reached skill level 1 in Ice Magic
  5395 | Temple   | Entered the Ecumenical Temple
  5444 | Temple   | Became a worshipper of Warmaster Okawaru
  5539 | D:6      | Reached XP level 9. HP: 69/69 MP: 13/17
  5571 | D:6      | Found a runed translucent gate.
  5571 | D:6      | Found a runed translucent gate.
  5571 | D:6      | Found a runed translucent gate.
  5571 | D:6      | Noticed makewrite's ghost (novice GrBe)
  5573 | D:6      | Found a basalt altar of Yredelemnul.
  5693 | D:6      | Found an opulent altar of Gozag.
  5853 | D:6      | Found a stormy altar of Qazlal.
  5978 | D:6      | Reached * piety under Okawaru
  6078 | D:7      | Noticed Pikel
  6262 | D:7      | Reached skill level 7 in Transmutations
  6269 | D:7      | Killed Pikel
  6466 | D:7      | Found a transporter.
  6939 | D:7      | Found a transporter.
  6995 | D:7      | Reached ** piety under Okawaru
  7003 | D:8      | Noticed Joseph
  7019 | D:7      | Reached XP level 10. HP: 74/77 MP: 20/20
  7058 | D:8      | Noticed a two-headed ogre
  7119 | D:8      | Killed Joseph
  7120 | D:8      | Reached skill level 8 in Transmutations
  7120 | D:8      | Reached skill level 5 in Ice Magic
  7153 | D:8      | Reached skill level 1 in Evocations
  7492 | D:8      | Noticed Grum
  7514 | D:8      | Slain by Grum

Illustrated notes

Levels and vault maps discovered:
D:1:      onia_arrival_handbag, layout_basic
D:2:      layout_loops_cross, serial_shops, shop
D:3:      layout_rooms, mainiacjoe_overflow_alcove_1,
          nicolae_overflow_hidden_temple, eat_drink_and_be_merry_uskayaw,
          chei_slow_surprise, mainiacjoe_overflow_24_doors, serial_undead,
          serial_undead_d, serial_undead_f, serial_undead_d, serial_undead_f,
          serial_undead_c, serial_undead_e, serial_shops,
          nicolae_shop_tiny_real_fake_doors, nicolae_shop_rolling_square, shop,
          nicolae_diamond_shop
D:4:      layout_cave_pools, cheibrodos_ashenzari_chains, serial_shops, shop,
          dreamdust_wishing_well, kennysheep_generic_room_8
D:5:      layout_loops_ring, gup_sewer_entry_pipe, nicolae_shop_vocational
D:6:      old_forge, layout_basic, nicolae_yredelemnul_ghost_church,
          nicolae_qazlal_eye_of_the_storm, grunt_gozag_statues,
          minmay_temple_entry_tees
D:7:      gammafunk_beogh_shrine, layout_loops_cross, uniq_pikel
D:8:      layout_loops_ring, lair_entry_dummy, minmay_evil_grid, uniq_grum,
          uniq_joseph
Temple:   nicolae_temple_ecumenical_triangle

Skill      XL: |  1  2  3  4  5  6  7  8  9 10 |
---------------+-------------------------------+-----
Unarmed Combat | 4 7 |  7.0
Poison Magic   | 1 2 3 4 |  4.0
Spellcasting   | 3 4 5 7 |  7.0
Transmutations | 3 5 6 7 8 |  8.0
Dodging        | 2 3 |  3.0
Stealth        | 1 2 |  2.0
Fighting       | 2 3 |  3.6
Ice Magic      | 1 4 6 |  6.0
Invocations    | 2 4 |  4.0
Evocations     | 4 |  4.0

Action                     |  1- 3 |  4- 6 |  7- 9 | 10-12 || total
---------------------------+-------+-------+-------+-------++-------
  Melee: Unarmed           |   102 |    93 |   432 |    81 ||   708
         Tailslap          |    11 |    17 |    50 |    12 ||    90
         Punch             |     1 |     4 |    14 |     6 ||    25
         Kick              |       |     9 |     6 |     7 ||    22
         Headbutt          |       |     5 |     6 |     4 ||    15
   Cast: Beastly Appendage |     1 |     7 |     6 |     1 ||    15
         Wereblood         |       |     1 |    14 |     3 ||    18
         Spider Form       |       |     1 |    14 |     2 ||    17
 Invoke: Heroism           |       |       |     1 |     2 ||     3
  Evoke: Wand              |       |       |     3 |     1 ||     4
    Use: Potion            |       |     1 |       |     1 ||     2
         Scroll            |       |       |     1 |       ||     1
   Stab: Sleeping          |     2 |       |     6 |       ||     8
         Invisible         |       |       |       |     1 ||     1
 Armour: Skin              |    30 |    25 |   113 |    19 ||   187
  Dodge: Dodged            |    57 |    39 |   218 |    36 ||   350
  Block: Other             |    14 |    14 |    83 |    15 ||   126
         Reflection        |       |     1 |     3 |       ||     4

Table legend: (Time is in decaauts)
 A = Elapsed time spent in this place.
 B = Non-inter-level travel time spent in this place.
 C = Inter-level travel time spent in this place.
 D = Time resting spent in this place.
 E = Time spent auto-exploring this place.
 F = Levels seen in this place.
 G = Mean time per level.
                   A        B        C        D        E       F      G
               +--------+--------+--------+--------+--------+-----+--------+
         Total |   7479 |   7104 |    375 |    234 |   4786 |  10 |  747.9 |
       Dungeon |   6688 |   6313 |    375 |    167 |   4324 |   8 |  836.0 |
        Temple |     62 |     62 |      0 |      0 |     36 |   1 |   62.0 |
         Sewer |    728 |    728 |      0 |     67 |    426 |   1 |  728.0 |
               +--------+--------+--------+--------+--------+-----+--------+

Top non-repeatable levels by time:
     D:5: 1354 daAuts
     D:4: 1018 daAuts
     D:7: 981 daAuts
     D:1: 888 daAuts
     D:6: 773 daAuts
     D:3: 728 daAuts
   Sewer: 728 daAuts
     D:2: 537 daAuts
     D:8: 404 daAuts
  Temple: 62 daAuts
